 Dungeon Crawl Stone Soup version 0.29-a0-284-gf9362112df (webtiles) character file.

Game seed: 7137933397023329240

4 spaghetti the Sneak (level 1, -1/18 HPs)
             Began as a Demigod Delver on Mar 24, 2022.
             Slain by an orc wizard
             ... wielding a +0 dagger
              (2 damage)
             ... on level 6 of the Dungeon.
             The game lasted 00:00:33 (171 turns).

spaghetti the Sneak (Demigod Delver)                 Turns: 171, Time: 00:00:33

Health: -1/18      AC:  3    Str: 13    XL:     1   Next: 40%
Magic:  3/3        EV: 12    Int: 12    God:
Gold:   0          SH:  0    Dex: 15    Spells: 0/0 levels left

rFire   . . .      SeeInvis .   a - +0 falchion {long}
rCold   . . .      Faith    .   (no shield)
rNeg    . . .      Spirit   .   b - +0 leather armour
rPois   .          Reflect  .   (no helmet)
rElec   .          Harm     .   (no cloak)
rCorr   .          Rampage  .   (no gloves)
Will    .....                   (no boots)
Stlth   +++.......              (no amulet)
HPRegen 0.06/turn               (no ring)
MPRegen 0.08/turn               (no ring)

@: no status effects
A: high MP 1, forlorn, divine attributes
a: no special abilities


You were on level 6 of the Dungeon.
You visited 1 branch of the dungeon, and saw 3 of its levels.


Innate Abilities, Weirdness & Mutations

You have an increased reservoir of magic. (+10% MP)
You shall have no god before yourself.
Your divine heritage dramatically boosts your attributes as you level up.


   Skills:
 - Level 2.6 Fighting
 - Level 1.7 Long Blades
 + Level 2.1 Dodging
 - Level 4.5 Stealth


You couldn't memorise any spells.
You didn't know any spells.
Your spell library was empty.

Inventory:

Hand Weapons
 a - a +0 falchion (weapon) {long}
Armour
 b - a +0 leather armour (worn)
Wands
 g - a wand of digging (3)
Scrolls
 c - a scroll of fog
 d - a scroll of magic mapping {!r}
Potions
 f - a potion of haste {@q3}
 i - a potion of attraction {unknown}

Dungeon Overview and Level Annotations

Branches:
Dungeon (7/15)
 Temple: D:4-7

#.##..##..#.#
#.##Kg#####.#
#.#########.#
#........##.#
###.######....#
..#.# ######
#.#.# #.#.#
#@#.# #)#o# #
#o#.#.#
#######.#.#.#
............#
#oo..##.#.###
#.##....#.#
#.#####.#.#
#........o#


You could see an orc.


Message History

You hear the hiss of flowing sand.
There is an entrance to an ossuary on this level.
Hurry and find it before the portal is buried! 🤖 Initializing magus.rc ...
Options error: Delay interrupt name "hungry" not recognised. (~/.crawlrc:4761) Options error: Bad monster_list_colour key: strict_neutral (~/.crawlrc:4776) ✅ Successfully initialized magus.rc [v1.9.6] Welcome, spaghetti the Demigod Delver.
Will you be the one to retrieve the sublime Orb of Zot from the depths?
Press ? for a list of commands and other information.
Found a stone staircase leading down.
You climb downwards.
Found a stone staircase leading down.
There is a stone staircase leading up here.
Unknown command.
The helpless orc fails to defend itself.
You hit the orc.
The orc cheers noisily.
The orc hits you but does no damage.
You hit the orc.
You kill the orc!
Your Dodging skill increases to level 2!
Things that are here:
a +0 short sword {short}; a +0 chain mail; an orc corpse
There is a stone staircase leading down here.
You climb downwards.
There is a stone staircase leading up here.
Unknown command.
Unknown command.
h - a scroll labelled NISHUBRA WORGH
Found a stone staircase leading down.
Found a stone staircase leading up.
An ice beast comes into view.
There is a stone staircase leading up here.
You climb upwards.
There is a stone staircase leading down here.
Unknown command.
i - an orange potion The goblin shouts!
An orc wizard and 2 orcs come into view.
The orc wizard is wielding a +2 dagger of distortion.
The orc shouts! x2
An orc comes into view. It is wielding a +0 mace.
An orc comes into view. It is wielding a +0 flail.
An orc warrior comes into view. It is wielding a +0 long sword.
The orc moves out of view.
The orc shouts!
An orc comes into view.
It is wielding a +0 hand axe. 2 orcs come into view.
An orc wizard comes into view. It is wielding a +0 dagger.
The orc shouts!
An orc wizard comes into view. It is wielding a +0 dagger.
Okay, then.
As you read the scroll labelled NISHUBRA WORGH, it crumbles to dust.
You hear a loud clanging noise!
It was a scroll of noise.
You hear a shout! x5
The orc hits you with a +0 mace. The orc barely misses you.
The orc hits you but does no damage. 😮 HP[-5]
You take 5 damage, and now have 13/18 hp.
MASSIVE DAMAGE!! (PAUSE)
As you read the scroll of fear, it crumbles to dust.
You assume a fearsome visage.
The orc looks frightened! x3
The orc wizard looks frightened!
The orc looks frightened! x3
The orc wizard gestures wildly while chanting.
The orc wizard flickers and vanishes!
Deactivating autopickup; reactivate with Ctrl-A.
The orc attacks as you move away! The orc hits you with a +0 short sword.
Cornered, the orc turns to fight! 😮 HP[-2]
You take 2 damage, and now have 11/18 hp.
The orc attacks as you move away! The orc misses you.
You hear a shout!
The orc attacks as you move away! The orc closely misses you.
The orc attacks as you move away! The orc hits you with a +0 short sword.
* * * LOW HITPOINT WARNING * * *
😨 HP[-3]
You take 3 damage, and now have 8/18 hp.
The orc attacks as you move away! The orc barely misses you.
You hit the orc. The orc completely misses you.
The orc hits you but does no damage. 😨 HP[+1]
You closely miss the orc. The orc hits you with a +0 short sword.
* * * LOW HITPOINT WARNING * * *
😨 HP[-3]
You take 3 damage, and now have 6/18 hp.
You closely miss the orc. The orc hits you with a +0 short sword.
* * * LOW HITPOINT WARNING * * *
😱 HP[-5]
You take 5 damage, and now have 1/18 hp.
MASSIVE DAMAGE!! (PAUSE)
You hit the orc.
You kill the orc!
You hit the orc.
Your attack snaps the orc out of its fear.
The orc barely misses you.
You slash the orc!
You kill the orc!
Something hits you.
You die...

Skill      XL: |  1 |
---------------+----+-----
Dodging        | 2 |  2.1
Fighting       | |  2.6
Long Blades    | |  1.7
Stealth        | |  4.5

Action                   || total
-------------------------++-------
Melee: Falchion          ||     8
  Use: Scroll            ||     2
 Stab: Sleeping          ||     1
Armor: Leather armour    ||     3
Dodge: Dodged            ||     6

Levels and vault maps discovered:
D:5:      cheibrodos_fertilizer, layout_basic, led_sif_book, serial_shops, shop,
          nicolae_ossuary_entry_ruins
D:6:      cheibrodos_barr_body, layout_basic, corexii_checkpoint_a,
          serial_bayou_ford_a
D:7:      layout_basic, minmay_temple_entry_junction

Notes
Turn   | Place    | Note
-------+----------+-------------------------------------------
     0 | D:5      | spaghetti the Demigod Delver began the quest for the Orb.
     0 | D:5      | Reached XP level 1. HP: 18/18 MP: 3/3
     0 | D:5      | magus.rc [v1.9.6]
     5 | D:6      | Reached skill level 2 in Dodging
    52 | D:7      | Noticed an ice beast
   138 | D:6      | Noticed an orc wizard
   138 | D:6      | Noticed an orc warrior
   147 | D:6      | Noticed an orc wizard
   151 | D:6      | Noticed an orc wizard
   168 | D:6      | HP: 1/18 [orc/+0 short sword (5)]
   171 | D:6      | Slain by an orc wizard

Vanquished Creatures
  3 orcs (D:6)
3 creatures vanquished.

Table legend:
 A = Non-vault XP
 B = Vault XP
 C = Vault XP percentage of total XP
 D = Non-vault monster count
 E = Vault monster count
 F = Vault count percentage of total count
                 A         B        C        D         E       F
            +---------+---------+-------+---------+---------+-------
      Total |       9 |       0 |   0.0 |       3 |       0 |   0.0
            +---------+---------+-------+---------+---------+-------
        D:6 |       9 |       0 |   0.0 |       3 |       0 |   0.0
            +---------+---------+-------+---------+---------+-------

Illustrated notes

Table legend:
 A = Kills in this place as a percentage of kills in entire the game.
 B = Kills by you in this place as a percentage of kills by you in the entire game.
 C = Kills by friends in this place as a percentage of kills by friends in the entire game.
 D = Other kills in this place as a percentage of other kills in the entire game.
 E = Experience gained in this place as a percentage of experience gained in the entire game.
 F = Experience gained in this place divided by the number of levels of this place that you have seen.
                   A       B       C       D       E      F
               +-------+-------+-------+-------+-------+----------------------
         Total | 100.0 | 100.0 |   N/A |   N/A | 100.0 |   3.0
       Dungeon | 100.0 | 100.0 |   N/A |   N/A | 100.0 |   3.0
               +-------+-------+-------+-------+-------+----------------------

Table legend: (Time is in decaauts)
 A = Elapsed time spent in this place.
 B = Non-inter-level travel time spent in this place.
 C = Inter-level travel time spent in this place.
 D = Time resting spent in this place.
 E = Time spent auto-exploring this place.
 F = Levels seen in this place.
 G = Mean time per level.
                   A        B        C        D        E       F      G
               +--------+--------+--------+--------+--------+-----+--------+
         Total |    172 |    172 |      0 |      0 |     95 |   3 |   57.3 |
       Dungeon |    172 |    172 |      0 |      0 |     95 |   3 |   57.3 |
               +--------+--------+--------+--------+--------+-----+--------+

Top non-repeatable levels by time:
     D:6: 115 daAuts
     D:7: 55 daAuts
     D:5: 1 daAuts
